 Dungeon Crawl Stone Soup version 0.27.1-34-g3ba077fa99 (webtiles) character file.

Game seed: 2483652211754932419

248 KittyFluff the Cudgeller (level 6, -2/38 HPs)
             Began as a Gargoyle Berserker on Jan 22, 2022.
             Was a Priest of Trog.
             Slain by Grinder (5 damage)
             ... while paralysed by Grinder
             ... on level 3 of the Dungeon.
             The game lasted 00:12:59 (3998 turns).

KittyFluff the Cudgeller (Gargoyle Berserker)       Turns: 3998, Time: 00:13:00

Health: -2/38      AC: 12    Str: 21    XL:     6   Next: 12%
Magic:  6/6        EV:  2    Int:  7    God:    Trog [***...]
Gold:   64         SH:  0    Dex: 11    Spells: 5/5 levels left

rFire    . . .     SeeInvis .   a - +0 mace
rCold    . . .     Faith    .   (no shield)
rNeg     + . .     Spirit   .   e - +0 leather armour
rPois    ∞         Reflect  .   o - +0 helmet
rElec    +         Harm     .   (no cloak)
rCorr    .         Rampage  .   p - +2 pair of gloves
Will     .....                  (no boots)
Stlth    +.........             (no amulet)
HPRegen  0.12/turn              (no ring)
MPRegen  0.10/turn              (no ring)

@: paralysed
A: sickness immunity, AC +4, negative energy resistance 1, electricity
resistance, torment resistance 1, petrification resistance
a: Renounce Religion, Berserk, Trog's Hand


You were on level 3 of the Dungeon.
You worshipped Trog.
Trog was most pleased with you.
You visited 1 branch of the dungeon, and saw 3 of its levels.

You collected 64 gold pieces.

Inventory:

Hand Weapons
 a - a +0 mace (weapon)
 c - a +3 short sword of draining
 k - a +0 hunting sling of flaming
Missiles
 h - 54 sling bullets
 q - 7 javelins (quivered)
Armour
 e - a +0 leather armour (worn)
 o - a +0 helmet (worn)
 p - a +2 pair of gloves (worn)
Wands
 m - a wand of digging (4)
Scrolls
 d - a scroll of acquirement {unknown}
 g - a scroll of noise {unknown}
Potions
 b - a potion of attraction {unknown}
 f - 2 potions of mutation {unknown}
 i - 2 potions of heal wounds {unknown}
 j - a potion of cancellation {unknown}
 l - 2 potions of curing {unknown}
 n - a potion of degeneration {unknown}


   Skills:
 + Level 4.2 Fighting
 + Level 4.4 Maces & Flails
 * Level 4.1 Armour
 * Level 2.7 Dodging


You had 5 spell levels left.
You didn't know any spells.
Your spell library was empty.

Dungeon Overview and Level Annotations

Branches:
Dungeon (3/15)

Altars:

Shops:
D:1 *   D:2 (   D:3 [

Annotations:
D:3 Grinder


Innate Abilities, Weirdness & Mutations

You are immune to sickness and miasma.
Your stone body is resilient. (AC +4)
You are immune to poison.
You resist negative energy. (rN+)
You are resistant to electric shocks. (rElec)
You are resistant to unholy torment.
You are immune to petrification.


Message History

You completely miss the goblin.
Grinder shouts!
The goblin barely misses you.
Grinder zaps a wand.
The puff of flame hits you!
Your leather armour prevents you from hitting the goblin.
The goblin misses you.
You hit the goblin.
The goblin is severely wounded.
The goblin hits you but does no damage. The goblin barely misses you.
Grinder zaps a wand.
The puff of flame hits you.
You barely miss the goblin.
The goblin is severely wounded.
The goblin hits you but does no damage.
You closely miss the goblin.
The goblin is severely wounded.
You are engulfed in a cloud of scalding steam.
The goblin closely misses you.
You closely miss the goblin.
The goblin is severely wounded.
Grinder drinks a potion.
Grinder seems to speed up.
The goblin completely misses you.
You sock the goblin!
You kill the goblin!
Trog accepts your kill.
Things that are here:
a +0 dagger; a goblin corpse You sock Grinder!
Grinder is lightly wounded.
Grinder blinks!
Grinder gestures at you.
You suddenly lose the ability to move!
Grinder hits you but does no damage.
Grinder zaps a wand.
The puff of flame hits you.
Grinder zaps a wand.
The puff of flame hits you. Grinder gestures at you.
Pain shoots through your body!
* * * LOW HITPOINT WARNING * * *
Grinder hits you.
* * * LOW HITPOINT WARNING * * *
Grinder hits you.
You die...

..### ..# #..........
### #..........
##...≈....≈. #..
............
#..###......≈≈...
#...##.#....≈≈...
########.#.##.#.........
...........##..)@≈....≈.
.......#........5.......
....##.##..##...........
###.##......†.......##..
#.#####).#####.#### #
#.#####.........#
#.......#.#####.#
#######.#.# .# #†#.. .#


You could see Grinder (fast).

Vanquished Creatures
  Jessica (D:2)
  Natasha (thrice) (D:2)
  Robin (D:3)
  4 adders
  A worm (D:2)
  4 dart slugs
  An orc (D:3)
  8 ball pythons
  2 endoplasms (D:1)
  4 giant cockroaches
  17 goblins
  4 hobgoblins
  5 jackals
  8 kobolds
  7 quokkas
  6 bats
  4 frilled lizards
  7 rats
87 creatures vanquished.

Vanquished Creatures (others)
  8 plants (D:2)
8 creatures vanquished.

Grand Total: 95 creatures vanquished

Notes
Turn   | Place    | Note
-------+----------+-------------------------------------------
     0 | D:1      | KittyFluff the Gargoyle Berserker began the quest for the
                  | Orb.
     0 | D:1      | Reached XP level 1. HP: 14/14 MP: 1/1
   565 | D:1      | Reached XP level 2. HP: 14/19 MP: 2/2
   948 | D:1      | Reached XP level 3. HP: 23/24 MP: 3/3
  1012 | D:1      | Reached ** piety under Trog
  1395 | D:1      | Found Uxotus's Assorted Antiques.
  1791 | D:2      | Noticed Natasha
  1818 | D:2      | Killed Natasha
  1819 | D:2      | Reached XP level 4. HP: 21/29 MP: 4/4
  2298 | D:2      | Found Haota Lia's Weapon Shop.
  2506 | D:2      | Noticed Natasha
  2508 | D:2      | Found a faded altar of an unknown god.
  2512 | D:2      | Killed Natasha
  2582 | D:2      | Reached XP level 5. HP: 33/33 MP: 5/5
  2654 | D:2      | Noticed Jessica
  2677 | D:2      | Killed Jessica
  2987 | D:2      | Noticed Natasha
  2993 | D:2      | Killed Natasha
  3519 | D:3      | Reached *** piety under Trog
  3520 | D:3      | Noticed Robin
  3532 | D:3      | Killed Robin
  3563 | D:3      | Reached XP level 6. HP: 26/38 MP: 6/6
  3624 | D:3      | Found Zuqatug's Armour Shoppe.
  3983 | D:3      | Noticed Grinder
  3993 | D:3      | Paralysed by Grinder for 6 turns
  3998 | D:3      | Slain by Grinder

Illustrated notes

Levels and vault maps discovered:
D:1:      dpeg_cavernosity, layout_loops_ring, serial_shops, shop,
          minmay_bisected
D:2:      layout_loops_corners, serial_shops, shop,
          dilly_ecumenical_altar_fadedgnrine, minmay_misc_feat_ornament,
          uniq_natasha, uniq_jessica
D:3:      layout_loops_cross, serial_shops, shop, shop, portal_sewer_entry_b,
          skrybe_limestone_x, minivault_5, uniq_crazy_yiuf_cottage,
          uniq_grinder, uniq_robin

Skill      XL: |  1  2  3  4  5 |
---------------+----------------+-----
Dodging        | 2 |  2.7
Armour         | 3 4 |  4.1
Fighting       | 4 |  4.2
Maces & Flails | 4 |  4.4

Action                   |  1- 3 |  4- 6 || total
-------------------------+-------+-------++-------
Melee: Mace              |   154 |   162 ||   316
Invok: Berserk           |     1 |     3 ||     4
Armor: Animal skin       |    15 |       ||    15
       Leather armour    |    56 |    60 ||   116
Dodge: Dodged            |   119 |   125 ||   244
